AoeStats
← nielsjehaes23

Fortress

510509736Analyzed
1v1 RM · 1d ago on Oct 1, 2026· 27m 50s· 2 players
Game mode
Random Map
Map size
Small (3 player)
Population
200
Speed
Normal
Resources
Standard
Victory
Conquest
Starting age
Dark Age
Ending age
Imperial Age
RankedLock teamsTeams togetherTeam positionsShared explorationLock speedFull tech treeHidden civsTurbo modeCheats
Victory
Defeat
🇧🇪 Japanese · Belgium
916
+17
🇪🇸 Dravidians · Spain
944
-17
nielsjehaes23
3:02 Loom
7:07 Feudal Age
8:25 Double-Bit Axe
13:11 Castle Age
11:17 Arson
11:50 Forging
11:41 Scale Mail Armor
12:55 Gold Mining
12:48 Horse Collar
13:45 Wheelbarrow
12:59 Loom
20:03 Iron Casting
26:10 Chain Mail Armor
28:23 Bow Saw
28:35 Hand Cart
McBasil
6:53 Feudal Age
11:10 Castle Age
12:35 Scale Barding Armor
12:23 Fletching
12:36 Padded Archer Armor
12:24 Horse Collar
12:31 Double-Bit Axe
13:08 Bodkin Arrow
15:24 Leather Archer Armor
15:08 Loom
17:55 Town Watch
19:56 Wheelbarrow
23:05 Hand Cart
23:44 Town Patrol
25:27 Thumb Ring
27:59 Murder Holes
Connection lost

Rejoining the realm…

Still unreachable

The connection could not be restored.

Session expired

The server has moved on; the page needs a fresh start.